 Dungeon Crawl Stone Soup version 0.30-a0-639-g3916f1956a (webtiles) character file.

Game seed: 8861146825962330897

205 bande the Covered (level 5, -1/33 HPs)
             Began as a Gargoyle Fighter on Jan 16, 2023.
             Slain by an orc
             ... wielding a +0 club
              (2 damage)
             ... on level 3 of the Dungeon.
             The game lasted 00:02:48 (1908 turns).

bande the Covered (Gargoyle Fighter)                Turns: 1908, Time: 00:02:48

Health: -1/33      AC: 20    Str: 19    XL:     5   Next: 83%
Magic:  5/5        EV:  5    Int:  9    God:
Gold:   76         SH:  4    Dex: 11    Spells: 4/4 levels left

rFire   . . .      SeeInvis .    a - +0 war axe
rCold   . . .      Faith    .    c - +0 buckler
rNeg    + . .      Spirit   .    j - +0 plate armour
rPois   ∞          Reflect  .    (no helmet)
rElec   +          Harm     .    (no cloak)
rCorr   .          Rampage  .    (no gloves)
Will    .....                    (no boots) Stlth
                                 (no amulet)
HPRegen 0.25/turn                e - +4 ring of protection
MPRegen 0.09/turn                (no ring)

@: no status effects
A: sickness immunity, AC +4, negative energy resistance 1, electricity
resistance, torment resistance 1, petrification resistance
a: no special abilities


You were on level 3 of the Dungeon.
You visited 1 branch of the dungeon, and saw 3 of its levels.

You collected 76 gold pieces.

Inventory:

Hand Weapons
 a - a +0 war axe (weapon)
Armour
 c - a +0 buckler (worn)
 j - a +0 plate armour (worn)
Jewellery
 e - a +4 ring of protection (left hand)
 n - a ring of wizardry
Scrolls
 l - 3 scrolls of identify {unknown}
Potions
 b - 3 potions of cancellation {unknown}
 d - 2 potions of might
 f - 3 potions of heal wounds {unknown}
 g - a potion of curing {unknown}
 h - 3 potions of magic {unknown}
 i - 2 potions of invisibility {unknown}
 k - a potion of flight {unknown}
 m - a potion of attraction {unknown}
 o - a potion of mutation {unknown}
 p - a potion of lignification {unknown}
 q - a potion of brilliance {unknown}


   Skills:
 + Level 3.8 Fighting
 + Level 3.8 Axes
 + Level 4.5 Armour
 + Level 4.0 Shields


You had 4 spell levels left.
You didn't know any spells.
Your spell library was empty.

Dungeon Overview and Level Annotations

Branches:
Dungeon (3/15)

Altars:


Innate Abilities, Weirdness & Mutations

You are immune to sickness and miasma.
Your stone body is resilient. (AC +4)
You are immune to poison.
You resist negative energy. (rN+)
You are resistant to electric shocks. (rElec)
You are resistant to unholy torment.
You are immune to petrification.


Message History

You hit the orc but do no damage. The orc hits you with a +0 club.
You hit the orc priest.
The orc priest is lightly wounded.
You closely miss the orc. You block the orc priest's attack.
The orc barely misses you.
You hit the orc priest.
The orc priest is moderately wounded.
You hit the orc but do no damage.
The orc priest calls down the wrath of Beogh upon you.
Pain shoots through your body! The orc hits you but does no damage.
You block the orc's attack.
The orc priest calls down the wrath of Beogh upon you.
Beogh smites you!
You are too injured to fight recklessly!
You are too injured to fight recklessly!
You are too injured to fight recklessly!
You are too injured to fight recklessly!
You are too injured to fight recklessly!
You are too injured to fight recklessly!
You are too injured to fight recklessly!
You are too injured to fight recklessly!
You are too injured to fight recklessly!
You hit the orc priest.
The orc priest is severely wounded.
You hit the orc but do no damage. The orc priest barely misses you.
You block the orc's attack.
You barely miss the orc priest.
The orc priest is severely wounded.
You hit the orc.
The orc priest calls down the wrath of Beogh upon you.
Beogh smites you!
* * * LOW HITPOINT WARNING * * *
The orc completely misses you.
The orc priest hits you but does no damage.
You block the orc's attack.
Unknown command.
You hit the orc priest.
The orc priest is severely wounded.
You barely miss the orc. The orc hits you with a +0 club.
You die...

#.>....[ .... #......
#.......
...###.#....##.......
#....................
##.........#.###......
..............÷>..###
..###.....##.#####.....#
......#)#.##.##..÷.###.#
......o@........#### #..
.....##o.....##.#######.
... #............<.... .
#...#.............
###.##...######...
#.##....# #### #.###...#
#. #.# ##..# #. #.#
#.### ##.


You could see an orc priest and an orc.

Vanquished Creatures
  Natasha (thrice) (D:2)
  8 adders
  2 dart slugs
  An orc (D:3)
  11 ball pythons
  3 endoplasms
  2 giant cockroaches (D:3)
  5 goblins
  9 hobgoblins
  3 quokkas (D:1)
  3 bats
  2 frilled lizards (D:2)
  5 kobolds
  3 rats
60 creatures vanquished.

Notes
Turn   | Place    | Note
-------+----------+-------------------------------------------
     0 | D:1      | bande the Gargoyle Fighter began the quest for the Orb.
     0 | D:1      | Reached XP level 1. HP: 14/14 MP: 1/1
   155 | D:1      | Reached XP level 2. HP: 11/19 MP: 2/2
   444 | D:1      | Reached XP level 3. HP: 23/23 MP: 3/3
   993 | D:2      | Noticed Natasha
   996 | D:2      | Killed Natasha
   997 | D:2      | Reached XP level 4. HP: 28/28 MP: 4/4
  1072 | D:2      | Noticed Natasha
  1090 | D:2      | Killed Natasha
  1406 | D:2      | Noticed Natasha
  1417 | D:2      | Killed Natasha
  1418 | D:2      | Reached XP level 5. HP: 27/33 MP: 5/5
  1907 | D:3      | HP: 1/33 [orc priest/divine providence (15)]
  1908 | D:3      | Slain by an orc

Illustrated notes

Levels and vault maps discovered:
D:1:      saegor_arrival_simple_b, layout_loops_ring
D:2:      layout_rooms, uniq_natasha
D:3:      layout_rooms, nicolae_wu_jian_immortal_techniques, corner_web_ring,
          grunt_decor_arrowhead, minmay_snake_closets

Skill      XL: |  1  2  3  4  5 |
---------------+----------------+-----
Axes           | 2 3 |  3.8
Armour         | 4 |  4.5
Shields        | 4 |  4.0
Fighting       | |  3.8

Action                   |  1- 3 |  4- 6 || total
-------------------------+-------+-------++-------
Melee: War axe           |    96 |   136 ||   232
Armor: Scale mail        |    24 |       ||    24
       Plate armour      |    36 |   123 ||   159
Dodge: Dodged            |    42 |    49 ||    91
Block: Buckler           |    22 |    38 ||    60

Table legend: (Time is in decaauts)
 A = Elapsed time spent in this place.
 B = Non-inter-level travel time spent in this place.
 C = Inter-level travel time spent in this place.
 D = Time resting spent in this place.
 E = Time spent auto-exploring this place.
 F = Levels seen in this place.
 G = Mean time per level.
                   A        B        C        D        E       F      G
               +--------+--------+--------+--------+--------+-----+--------+
         Total |   2008 |   1981 |     27 |    289 |   1151 |   3 |  669.3 |
       Dungeon |   2008 |   1981 |     27 |    289 |   1151 |   3 |  669.3 |
               +--------+--------+--------+--------+--------+-----+--------+

Top non-repeatable levels by time:
     D:2: 898 daAuts
     D:1: 705 daAuts
     D:3: 403 daAuts
